Description

gghghj

Replay - cure v seRRal: Game 2 - Lightshade LE

Build Order

Get SALT Encoding   

  12  0:00  Drone  
  13  0:12  Overlord  
  13  0:17  Drone  
  14  0:30  Drone x2  
  16  0:48  Hatchery  
  15  0:51  Drone x2  
  17  0:58  Drone  
  18  1:09  Extractor  
  17  1:13  Spawning Pool  
  17  1:17  Drone x2  
  18  1:28  Drone  
  19  1:38  Drone  
  20  1:49  Drone  
  21  2:00  Queen x2  
  21  2:01  Zergling x4  
  27  2:11  Overlord  
  27  2:12  Drone  
  28  2:24  Hatchery  
  28  2:27  Drone  
  28  2:32  Drone  
  28  2:35  Spore Crawler  
  28  2:38  Drone x2  
  28  2:40  Metabolic Boost  
  31  2:47  Queen  
  33  2:52  Overlord  
  33  2:55  Drone x3  
  36  3:11  Drone x5  
  41  3:15  Overlord  
  41  3:21  Queen  
  41  3:24  Drone  
  44  3:32  Overlord  
  44  3:33  Queen x2  
  49  3:41  Drone x2  
  49  3:44  Zergling x6  
  53  3:49  Overlord  
  53  3:50  Drone x2  
  55  3:55  Drone x4  
  59  4:03  Zergling x2  
  59  4:04  Overlord  
  59  4:06  Drone x2  
  62  4:11  Queen  
  62  4:13  Overlord  
  63  4:19  Drone x2  
  63  4:23  Queen  
  67  4:29  Overlord x2, Lair  
  67  4:31  Zergling x6, Extractor  
  69  4:38  Baneling Nest  
  69  4:40  Drone x3  
  71  4:47  Queen  
  71  4:50  Spore Crawler, Drone x2  
  74  4:54  Overlord  
  74  4:55  Zergling x2  
  74  4:57  Drone x3  
  78  5:02  Overlord  
  78  5:03  Spore Crawler x2  
  76  5:13  Hatchery  
  75  5:14  Drone x4  
  75  5:20  Zergling x4  
  81  5:22  Drone  
  81  5:25  Extractor  
  81  5:26  Overlord  
  81  5:29  Zergling x2  
  81  5:30  Overseer  
  81  5:31  Drone x7  
  86  5:38  Overseer  
  86  5:39  Drone x2  
  91  5:45  Evolution Chamber x2  
  91  5:47  Drone x4  
  93  5:52  Centrifical Hooks  
  93  5:53  Drone x2  
  94  5:58  Overlord, Drone x3  
  94  6:05  Drone x6  
  96  6:15  Zerg Melee Weapons Level 1  
  96  6:17  Drone  
  96  6:25  Drone x9  
  103  6:26  Extractor x2  
  103  6:27  Zerg Ground Armor Level 1  
  103  6:32  Drone x3  
  105  6:37  Queen  
  108  6:40  Overlord  
  108  6:41  Drone x2  
  108  6:44  Spore Crawler  
  108  6:47  Baneling x8  
  109  6:51  Drone x3  
  109  6:52  Zergling x8  
  115  7:02  Zergling x10  
  120  7:11  Zergling x10  
  120  7:14  Pneumatized Carapace  
  120  7:15  Hatchery  
  124  7:16  Overseer  
  124  7:17  Baneling x7  
  124  7:18  Zergling x8  
  129  7:27  Zergling x14  
  136  7:30  Hatchery  
  135  7:39  Overlord  
  135  7:41  Zergling x14  
  141  7:48  Overlord x3  
  141  7:50  Hatchery, Drone x2  
  142  7:51  Infestation Pit  
  142  7:54  Baneling x5  
  142  7:55  Overseer x2  
  141  8:02  Zergling x18  
  149  8:09  Zergling x6  
  145  8:14  Zergling x8  
  145  8:17  Baneling x4  
  145  8:19  Extractor x2  
  148  8:24  Drone x6  
  148  8:26  Overlord x2  
  153  8:27  Hydralisk Den  
  153  8:28  Zergling x6  
  155  8:34  Hive  
  155  8:37  Zergling x10  
  155  8:40  Baneling x11  
  156  8:43  Zergling x14  
  156  8:45  Zerg Ground Armor Level 2, Zerg Melee Weapons Level 2  
  156  8:56  Zergling x18  
  156  9:00  Baneling x8  
  146  9:13  Zergling x28  
  147  9:18  Burrow  
  147  9:21  Extractor, Lurker Den  
  147  9:23  Queen  
  147  9:24  Drone x8  
  151  9:31  Overlord  
  155  9:32  Drone  
  155  9:34  Zergling x14  
  163  9:38  Baneling x16  
  162  9:46  Zergling x8, Spore Crawler  
  165  9:54  Muscular Augments  
Spawning Tool Build Advisor. Get it on Overwolf

Go to:

Details

  • Created by: asdasdasdasd
  • Published on: May 05, 2021
  • Modified on: May 05, 2021
  • Patch: 4.11.0
  • Difficulty: Easy
Show
View Real Time Build Order
Export as new Build Order

Comments (0)

There are no comments. Be the first!

Create an account to comment!